 Dungeon Crawl Stone Soup version 0.23-b1-6-ga921848 (webtiles) character file.

Game seed: 17970857108539023531

431 kaze the Chopper (level 6, -4/53 HPs)
             Began as a Hill Orc Fighter on Feb 1, 2019.
             Slain by a bullfrog (7 damage)
             ... on level 4 of the Dungeon.
             The game lasted 00:05:22 (2944 turns).

kaze the Chopper (Hill Orc Fighter)                 Turns: 2944, Time: 00:05:23

Health: -4/53      AC:  4    Str: 21    XL:     6   Next: 99%
Magic:  6/6        EV:  8    Int:  8    God:
Gold:   124        SH:  9    Dex: 10    Spells: 5/5 levels left

rFire    . . .     SeeInvis .   a - +1 war axe
rCold    . . .     Gourm    .   c - +0 shield
rNeg     . . .     Faith    .   b - +0 scale mail
rPois    +         Spirit   .   (no helmet)
rElec    .         Reflect  .   (no cloak)
rCorr    .         Harm     .   (no gloves)
MR       .....                  (no boots)
Stlth    ..........             (no amulet)
HPRegen  0.17/turn              (no ring)
MPRegen  0.10/turn              (no ring)

@: no status effects
A: deformed body, poison resistance
a: Convert to Beogh


You were on level 4 of the Dungeon.
You were not hungry.

You visited 1 branch of the dungeon, and saw 4 of its levels.

You collected 124 gold pieces.

Inventory:

Hand Weapons
 a - a +1 war axe (weapon)
Armour
 b - a +0 scale mail (worn)
 c - a +0 shield (worn)
Jewellery
 s - an uncursed ring of poison resistance {unknown}
Scrolls
 e - a scroll of teleportation
 h - 2 scrolls of enchant armour {unknown}
 i - 2 scrolls of identify
 j - a scroll of immolation {unknown}
 n - a scroll of enchant weapon
 q - a scroll of remove curse
Potions
 g - 4 potions of lignification
 k - 2 potions of mutation
Comestibles
 f - 2 rations


   Skills:
 + Level 4.5 Fighting
 + Level 6.6 Axes
 + Level 4.5 Armour
 + Level 1.0 Dodging
 + Level 0.7 Stealth
 + Level 4.5 Shields


You had 5 spell levels left.
You didn't know any spells.
Your spell library was empty.

Dungeon Overview and Level Annotations

Branches:
Dungeon (4/15)
 Temple: D:4-7

Altars:


Innate Abilities, Weirdness & Mutations

Armour fits poorly on your strangely shaped body.
Your system is resistant to poisons. (rPois)


Message History

Beogh smites you!
* * * LOW HITPOINT WARNING * * *
You barely miss the bullfrog.
The orc priest shouts, "Beogh is our master!
Accept the truth or die!"
The bullfrog hits you but does no damage.
The bullfrog hits you.
* * * LOW HITPOINT WARNING * * *
The orc priest begins to cast a cantrip, but forgets the words!
You barely miss the bullfrog. The bullfrog hits you.
* * * LOW HITPOINT WARNING * * *
The orc priest miscasts a cantrip.
The bullfrog closely misses you.
You slash the bullfrog!
The bullfrog is moderately wounded.
The orc priest shouts, "Beogh is our master!
Accept the truth or die!"
The bullfrog hits you but does no damage. x2
You hit the bullfrog.
The bullfrog is heavily wounded.
You block the bullfrog's attack. The bullfrog hits you!
You die...

#### .....
######o..##
########
#...@Fo...#
.......#
#!####....#
.#####.# ###.####
.(... .# #.#
#......# #### .#
#.# #.#.##.# .# .#
#.# #.#.## # ...#
.# #.####.#....
#...# ##
#......####.######
#...# #
#########........#
#...# ..


You could see a bullfrog, an orc priest and an orc.

Vanquished Creatures
  An ogre (D:4)
  A scorpion (D:2)
  2 hounds (D:4)
  An orc wizard (D:4)
  4 worker ants (D:4)
  3 adders
  A shadow imp (D:2)
  An ooze (D:1)
  3 dart slugs
  A worm (D:4)
  3 leopard geckos
  2 orcs
  2 ball pythons
  10 bats
  4 giant cockroaches
  6 goblins
  7 hobgoblins
  7 jackals (D:3)
  2 frilled lizards (D:1)
  7 kobolds
  7 rats
75 creatures vanquished.

Notes
Turn   | Place    | Note
-------+----------+-------------------------------------------
     0 | D:1      | kaze the Hill Orc Fighter began the quest for the Orb.
     0 | D:1      | Reached XP level 1. HP: 19/19 MP: 1/1
    79 | D:1      | Reached XP level 2. HP: 25/27 MP: 2/2
   191 | D:1      | Reached skill level 3 in Axes
   335 | D:1      | Reached XP level 3. HP: 33/33 MP: 3/3
  1003 | D:2      | Noticed a scorpion
  1021 | D:2      | Killed a scorpion
  1021 | D:2      | Reached skill level 4 in Axes
  1021 | D:2      | Reached XP level 4. HP: 21/40 MP: 4/4
  1329 | D:2      | Reached skill level 5 in Axes
  1329 | D:2      | Reached XP level 5. HP: 40/46 MP: 5/5
  2306 | D:4      | Gained mutation: Your system is resistant to poisons.
                  | (rPois) [potion of mutation]
  2306 | D:4      | Gained mutation: You have a pair of small antennae on your
                  | head. [potion of mutation]
  2306 | D:4      | Gained mutation: You evolve. [potion of mutation]
  2586 | D:4      | Noticed an ogre
  2591 | D:4      | Reached XP level 6. HP: 49/53 MP: 6/6
  2592 | D:4      | Reached skill level 6 in Axes
  2594 | D:4      | Reached skill level 1 in Dodging
  2937 | D:4      | Lost mutation: You evolve. [potion of mutation]
  2937 | D:4      | Lost mutation: You have a pair of small antennae on your
                  | head. [potion of mutation]
  2937 | D:4      | Gained mutation: Your spells are a little easier to cast,
                  | but a little less powerful. [potion of mutation]
  2937 | D:4      | Gained mutation: Armour fits poorly on your strangely
                  | shaped body. [potion of mutation]
  2937 | D:4      | Lost mutation: Your spells are a little easier to cast, but
                  | a little less powerful. [potion of mutation]
  2944 | D:4      | Slain by a bullfrog

Skill      XL: |  1  2  3  4  5  6 |
---------------+-------------------+-----
Axes           | 3 4 5 6 |  6.6
Fighting       | 4 |  4.5
Shields        | 4 |  4.5
Armour         | 4 |  4.5
Dodging        | 1 |  1.0
Stealth        | |  0.7

Action                   |  1- 3 |  4- 6 || total
-------------------------+-------+-------++-------
Melee: War axe           |    80 |   131 ||   211
  Use: Potion            |       |     9 ||     9
       Scroll            |       |     6 ||     6
  Eat: Ration            |       |     2 ||     2
       Chunk             |       |     1 ||     1
Armor: Scale mail        |    27 |    80 ||   107
Dodge: Dodged            |    30 |    36 ||    66
Block: Shield            |    32 |    73 ||   105
